 Dungeon Crawl Stone Soup version 0.17-a0-1446-gc28613e (console) character file.

2228 panicbit the Blocker (level 9, -3/78 HPs)
             Began as a Minotaur Fighter on June 28, 2015.
             Killed from afar by an electric eel (10 damage)
             ... with a bolt of electricity
             ... on level 6 of the Dungeon.
             The game lasted 00:32:09 (4564 turns).

panicbit the Blocker (Minotaur Fighter)             Turns: 4564, Time: 00:32:09

Health: -3/78      AC: 13    Str: 34    XL:     9   Next: 14%
Magic:  8/8        EV:  9    Int:  5    God:
Gold:   307        SH: 13    Dex: 11    Spells: 0 memorised, 8 levels left

rFire  . . .     SeeInvis .     a - +0 war axe
rCold  . . .     Clarity  .     j - +0 chain mail
rNeg   . . .     SustAt   .     c - +0 shield
rPois  .         Gourm    .     (helmet restricted)
rElec  .         Spirit   .     (no cloak)
rCorr  .         Warding  .     t - +0 pair of gloves
rMut   .         Stasis   .     u - +0 pair of boots
MR     .....                    (no amulet)
Stlth  ..........               M - +3 ring of strength
                                Q - +3 ring of strength

@: mighty, not resistant to hostile enchantments, extremely unstealthy
A: retaliatory headbutt, horns 2
a: no special abilities


You were on level 6 of the Dungeon.
You were not hungry.

You visited 1 branch of the dungeon, and saw 6 of its levels.

You collected 307 gold pieces.

Inventory:

Hand weapons
 a - a +0 war axe (weapon)
Armour
 b - a +0 scale mail
 c - a +0 shield (worn)
 j - a +0 chain mail (worn)
 t - a +0 pair of gloves (worn)
 u - a +0 pair of boots (worn)
Jewellery
 h - an uncursed ring of see invisible
 A - an uncursed ring of ice
 I - an uncursed amulet of resist mutation
 J - an uncursed ring of protection from fire
 M - a +3 ring of strength (right hand)
 N - an uncursed amulet of rage
 Q - a +3 ring of strength (left hand)
Magical devices
 r - a wand of confusion (24)
 F - a wand of enslavement (14)
Scrolls
 l - 2 scrolls of teleportation {unknown}
 p - 2 scrolls of remove curse
 v - 3 scrolls of magic mapping {unknown}
 x - a scroll of enchant weapon {unknown}
 y - a scroll of enchant armour {unknown}
 z - 2 scrolls of recharging {unknown}
 B - 4 scrolls of identify {unknown}
 E - 2 scrolls of fog
 H - 3 scrolls of blinking
 L - a scroll of fear {unknown}
 P - a scroll of random uselessness {unknown}
Potions
 d - a potion of might
 f - 2 potions of lignification {unknown}
 k - 5 potions of curing
 m - 2 potions of brilliance {unknown}
 n - 3 potions of heal wounds {unknown}
 o - 2 potions of ambrosia {unknown}
 q - 2 potions of resistance {unknown}
 w - a potion of flight {unknown}
 D - a potion of invisibility {unknown}
 G - a potion of cure mutation {unknown}
Comestibles
 e - 6 bread rations
 g - a beef jerky
 i - 2 meat rations
 s - a chunk of flesh
 C - a slice of pizza
 K - 4 fruits


   Skills:
 + Level 6.8 Fighting
 + Level 7.5 Axes
 + Level 7.7 Armour
 + Level 3.1 Dodging
 + Level 0.6 Stealth
 + Level 8.8 Shields


You had 8 spell levels left.
You didn't know any spells.

Dungeon Overview and Level Annotations

Branches:
Dungeon (6/15)             Temple (0/1) D:5

Altars:
Cheibriados
Fedhas
Ru
Sif Muna
Xom
Yredelemnul


Innate Abilities, Weirdness & Mutations

You reflexively headbutt those who attack you in melee.
You have a pair of horns on your head.


Message History

The bolt of electricity hits the electric eel.
The electric eel completely resists.
The bolt of electricity misses you.
The electric eel shoots out a bolt of lightning at you!
The bolt of electricity hits you!
* * * LOW HITPOINT WARNING * * *
Drink which item? (? for menu, Esc to quit)
You feel very mighty all of a sudden.
The electric eel shoots out a bolt of lightning at you!
The bolt of electricity hits you!
* * * LOW HITPOINT WARNING * * *
The orc warrior barely misses you. You furiously retaliate!
You headbutt the orc warrior, but do no damage.
The electric eel shoots out a bolt of lightning at you!
The bolt of electricity hits you!
* * * LOW HITPOINT WARNING * * *
Drink which item? (? for menu, Esc to quit)
It was a potion of curing.
You feel better.
The electric eel shoots out a bolt of lightning at you!
The bolt of electricity hits you!
You die...

....# ##.......######.#..
...## ≈≈≈##......# #...#
..## ≈≈≈≈≈≈≈≈≈##.....##
###.# .##
≈≈≈≈≈≈≈≈≈≈##.....## #..#
##
≈≈≈≈≈≈≈≈≈≈≈##.....#####.##
#
≈≈≈≈≈≈≈≈≈≈≈≈#...#.......#
#
≈≈≈≈;;≈≈≈≈≈≈#...##.######
# ≈....≈;≈≈;≈≈#...##.# #
#........'..###.# #
#...[o@..'..# #.# #
≈....≈≈≈≈≈≈≈##.# #.# #
≈≈≈≈≈≈≈≈≈≈≈≈##.###^#######
#
≈≈≈≈≈≈≈≈≈≈≈≈##.#.........#
##
≈≈≈≈≈≈≈≈≈≈≈##..#.#######.#
.# ≈≈≈≈≈≈≈≈≈≈##.....# ###
#.# ####
≈≈≈≈≈≈≈≈≈##......#######.#
.#.##
≈≈≈≈≈≈≈≈###...>..'.._..'.#
.#..## ##.....###.###.#
.....##############.....#
#.# #.#


You could see an orc warrior and 4 electric eels.

Vanquished Creatures
  The ghost of Rayvis the Cleaver, an experienced MiFi (D:6)
  Grinder (D:5)
  The ghost of asdu the Cudgeler, an average DsCK of Xom (D:5)
  Sigmund (D:3)
  3 ogres
  3 giant frogs
  A scorpion (D:6)
  2 crimson imps (D:5)
  A giant frog zombie (D:5)
  A jelly (D:6)
  A hound (D:6)
  3 iguanas
  2 orc priests
  3 worker ants (D:5)
  A worker ant zombie (D:6)
  6 gnolls
  14 adders
  3 oozes
  An adder skeleton (D:5)
  A worm (D:4)
  6 giant geckos
  15 orcs
  A bat zombie (D:6)
  3 giant cockroaches
  13 goblins
  12 hobgoblins
  5 jackals
  4 quokkas
  4 ball pythons (D:3)
  14 bats
  5 giant newts
  11 kobolds
  13 rats
156 creatures vanquished.

Notes
Turn   | Place    | Note
--------------------------------------------------------------
     0 | D:1      | panicbit the Minotaur Fighter began the quest for the Orb.
     0 | D:1      | Reached XP level 1. HP: 19/19 MP: 0/0
    66 | D:1      | Reached XP level 2. HP: 25/27 MP: 1/1
   250 | D:1      | Reached skill level 4 in Fighting
   324 | D:1      | Reached XP level 3. HP: 33/33 MP: 2/2
   698 | D:2      | Reached XP level 4. HP: 18/40 MP: 3/3
  1457 | D:3      | Reached skill level 5 in Armour
  1513 | D:3      | Reached XP level 5. HP: 47/47 MP: 4/4
  1701 | D:3      | Noticed Sigmund
  1802 | D:3      | Found a shimmering altar of Xom.
  1936 | D:3      | Reached skill level 5 in Shields
  2154 | D:3      | Killed Sigmund
  2154 | D:3      | Reached skill level 1 in Dodging
  2154 | D:3      | Reached XP level 6. HP: 18/55 MP: 5/5
  2477 | D:3      | Reached skill level 5 in Fighting
  3048 | D:4      | Reached skill level 6 in Armour
  3048 | D:4      | Reached XP level 7. HP: 61/61 MP: 6/6
  3096 | D:4      | Found a basalt altar of Yredelemnul.
  3307 | D:4      | Reached skill level 5 in Axes
  3620 | D:5      | Entered Level 5 of the Dungeon
  3645 | D:5      | Noticed asdu's ghost (average DsCK)
  3654 | D:5      | Killed asdu's ghost
  3655 | D:5      | Found a staircase to the Ecumenical Temple.
  3679 | D:5      | Noticed Grinder
  3693 | D:5      | Killed Grinder
  3693 | D:5      | Reached skill level 7 in Armour
  3693 | D:5      | Reached XP level 8. HP: 65/69 MP: 7/7
  4143 | D:6      | Reached skill level 8 in Shields
  4151 | D:6      | Noticed Rayvis's ghost (experienced MiFi)
  4167 | D:6      | Killed Rayvis's ghost
  4167 | D:6      | Reached XP level 9. HP: 56/78 MP: 8/8
  4171 | D:6      | Found a deep blue altar of Sif Muna.
  4220 | D:6      | Found a snail-covered altar of Cheibriados.
  4434 | D:6      | Found a sacrificial altar of Ru.
  4497 | D:6      | Found a blossoming altar of Fedhas.
  4563 | D:6      | HP: 1/78 [electric eel/bolt of electricity (8)]
  4564 | D:6      | Killed from afar by an electric eel

Vault maps used:
D:1:      onia_arrival_handbag, minivault_11
D:3:      nicolae_overflow_crystal_walls, kennysheep_nub, minmay_snake_closets,
          uniq_sigmund
D:4:      lemuel_round_altar
D:5:      temple_pool_b, first_bread, uniq_grinder
D:6:      kennysheep_big_flooded_room, old_standard_altar, cheibriados_altar_1,
          lemuel_doored_altar, zin_statuary, old_standard_altar,
          minmay_curled_crystal

Action                   |  1- 3 |  4- 6 |  7- 9 || total
-------------------------+-------+-------+-------++-------
Melee: War axe           |    52 |   171 |   161 ||   384
  Use: Potion            |       |     1 |     4 ||     5
       Scroll            |       |       |     4 ||     4
  Eat: Chunk             |       |     7 |     5 ||    12
